Map: Deathaura LE

Players

Pucka

  • Race: Zerg Zerg
  • League: Silver
  • Spawn Location: 5:00

Anarchy - Winner!

  • Race: Terran Terran
  • League: Gold
  • Spawn Location: 11:00

VOD

Have the link to the VOD?

Description

Time

  • Played on: Oct. 22, 2020, 11:28 p.m.
  • Length: 26:24
Show
View Real Time Build Order
Export as new Build Order

Pucka Zerg 

Build Orders: Pool First, Zergling Baneling 

Get SALT Encoding   

  12  0:00  Drone  
  13  0:14  Drone  
  14  0:21  Overlord  
  14  0:47  Drone x3  
  14  0:48  Spawning Pool  
  16  0:59  Drone  
  17  1:13  Hatchery  
  17  1:15  Drone  
  17  1:21  Drone  
  18  1:29  Extractor  
  18  1:31  Overlord  
  17  1:39  Queen  
  19  1:43  Drone  
  20  1:59  Zergling x2  
  21  2:06  Zergling x2  
  22  2:15  Drone  
  23  2:35  Zergling x2  
  24  2:39  Metabolic Boost  
  24  2:43  Evolution Chamber  
  23  2:47  Drone x2  
  23  2:48  Queen, Drone  
  28  3:14  Zergling x8  
  28  3:15  Zergling x6  
  28  3:19  Baneling Nest  
  34  3:30  Drone  
  35  3:35  Extractor  
  34  3:49  Zergling x4  
  34  3:51  Overlord  
  34  3:54  Overlord x2  
  36  3:57  Zerg Melee Weapons Level 1  
  36  4:08  Baneling  
  36  4:09  Baneling x4  
  37  4:24  Zergling x8  
  37  4:25  Zergling x10  
  45  4:31  Baneling x4  
  45  4:46  Lair  
  45  4:50  Extractor, Drone  
  45  4:51  Drone  
  26  5:16  Zergling x10  
  31  5:35  Drone x4  
  35  5:44  Zergling x6  
  38  5:56  Zergling x4  
  38  5:57  Zergling x4  
  41  6:08  Baneling x2  
  41  6:09  Baneling x4  
  41  6:16  Spire  
  40  6:32  Burrow, Drone  
  41  6:33  Drone x4  
  45  6:40  Spine Crawler  
  44  6:53  Drone x4  
  48  6:57  Extractor  
  48  7:01  Drone x2  
  49  7:07  Baneling x4  
  49  7:08  Baneling x2  
  49  7:29  Mutalisk x4  
  51  7:32  Mutalisk  
  59  7:40  Overlord  
  59  7:43  Overlord  
  59  7:46  Overlord  
  59  7:49  Drone  
  60  8:09  Mutalisk x4  
  67  8:24  Mutalisk x2  
  71  8:32  Queen  
  73  8:46  Zerg Flyer Weapons Level 1  
  69  9:16  Mutalisk x2  
  69  9:17  Mutalisk x2, Baneling x4  
  63  9:18  Baneling x2  
  63  9:48  Mutalisk x2  
  63  9:49  Mutalisk  
  69  9:58  Infestation Pit  
  66  10:15  Hatchery  
  57  10:38  Hive  
  57  10:41  Zerg Flyer Armor Level 1  
  57  10:43  Infestor x2  
  57  10:47  Baneling x6  
  59  11:21  Mutalisk x2  
  59  11:22  Mutalisk x2  
  67  11:36  Neural Parasite  
  67  11:38  Overlord  
  67  11:39  Overlord  
  67  11:42  Overlord x2  
  67  11:45  Drone  
  68  11:49  Queen  
  70  12:14  Zergling x2  
  70  12:15  Zergling x8  
  75  12:36  Baneling x3  
  75  12:37  Baneling x7  
  75  12:38  Baneling x4  
  75  13:00  Drone x3  
  78  13:22  Extractor  
  78  13:24  Extractor  
  78  13:25  Drone x2  
  78  13:40  Mutalisk x5  
  78  13:41  Mutalisk  
  88  14:46  Drone x2  
  88  14:47  Drone x4  
  88  14:48  Drone x3  
  95  15:07  Corruptor x5  
  95  15:08  Corruptor  
  95  15:11  Greater Spire  
  107  15:23  Mutalisk x2  
  111  15:31  Drone x2  
  111  15:32  Drone  
  114  15:38  Corruptor  
  114  15:40  Corruptor x2  
  120  15:43  Overlord  
  120  16:08  Corruptor x3  
  120  16:09  Corruptor  
  128  16:13  Overlord x5  
  128  16:18  Baneling x5  
  128  16:19  Baneling x20  
  128  16:51  Brood Lord x3  
  128  16:52  Brood Lord x6  
  146  16:59  Baneling x25  
  142  17:23  Baneling x25  
  142  17:31  Corruptor x5  
  136  18:05  Corruptor  
  136  18:06  Corruptor x4  
  144  18:29  Corruptor  
  144  18:30  Corruptor  
  144  18:32  Overlord x3  
  144  18:58  Brood Lord  
  144  18:59  Brood Lord  
  122  19:27  Brood Lord x2  
  122  19:45  Hatchery  
  117  19:50  Brood Lord  
  119  20:13  Brood Lord x2  
  123  20:21  Hatchery  
  100  21:37  Corruptor  
  100  21:38  Corruptor x5  
  88  21:56  Corruptor  
  88  22:00  Drone x3  
  93  22:05  Extractor  
  93  22:06  Extractor  
  91  22:11  Drone x2  
  91  22:12  Drone  
  91  22:13  Drone  
  95  22:21  Queen  
  97  22:24  Zergling x2  
  97  22:25  Zergling x10  
  103  22:35  Extractor  
  102  22:37  Extractor  
  101  22:59  Baneling x4  
  101  23:00  Baneling x6  
  101  23:01  Baneling x2  
  97  23:06  Brood Lord  
  97  23:08  Hatchery  
  98  23:16  Infestor  
  100  23:30  Zergling x2  
  100  23:31  Zergling x10  
  106  23:36  Queen  
  108  23:44  Brood Lord x2  
  108  23:48  Unknown  
  111  23:59  Drone x3  
  114  24:08  Baneling x4  
  114  24:09  Baneling x6  
  114  24:10  Baneling x2  
  114  24:14  Brood Lord  
  118  24:17  Baneling x12  
  78  24:52  Brood Lord  
  78  24:53  Brood Lord x2  
  82  25:12  Zergling x4  
  82  25:13  Zergling x8  
  88  25:27  Zergling x4  
  90  25:53  Baneling x2  
  90  25:54  Baneling  
  90  25:56  Baneling x4  
  90  25:57  Baneling  
Show
View Real Time Build Order
Export as new Build Order

Anarchy Terran - Winner!

Build Orders: 2 Factory, Mech 

Get SALT Encoding   

  12  0:02  SCV  
  13  0:15  SCV  
  13  0:19  Supply Depot  
  14  0:27  SCV  
  15  0:34  Refinery  
  15  0:40  SCV  
  16  0:53  Barracks  
  16  0:54  SCV  
  17  1:06  SCV  
  18  1:18  SCV  
  19  1:30  Supply Depot, SCV  
  20  1:44  Barracks Tech Lab  
  20  1:50  Orbital Command  
  20  1:59  Command Center  
  20  2:14  Barracks Reactor  
  20  2:15  Factory  
  20  2:22  SCV  
  21  2:34  SCV  
  22  2:46  SCV  
  23  2:57  Supply Depot  
  23  2:58  SCV  
  24  3:06  Factory  
  23  3:15  Marine  
  24  3:31  Siege Tank  
  24  3:32  Command Center  
  24  3:33  Marine  
  28  3:34  SCV  
  29  3:46  SCV  
  30  3:54  Supply Depot  
  30  3:58  SCV  
  30  4:02  Hellion x2  
  35  4:07  Engineering Bay  
  35  4:10  SCV  
  35  4:14  Siege Tank  
  39  4:24  SCV  
  39  4:29  Refinery  
  40  4:36  SCV  
  41  4:47  Missile Turret  
  41  4:48  SCV  
  42  4:54  Missile Turret  
  42  5:01  Armory  
  42  5:12  SCV x2  
  42  5:17  Hellion x2  
  46  5:27  Supply Depot  
  46  5:29  Supply Depot  
  46  5:42  Command Center  
  46  5:49  SCV  
  47  6:01  SCV  
  47  6:02  Refinery  
  47  6:03  Refinery  
  49  6:13  SCV, Orbital Command  
  49  6:17  Siege Tank  
  52  6:19  Hellion x2  
  52  6:22  Marine  
  58  6:25  SCV  
  58  6:37  SCV  
  59  6:48  Neosteel Armor  
  59  6:49  SCV  
  60  7:00  SCV  
  61  7:02  SCV  
  62  7:10  Supply Depot x2  
  62  7:12  Supply Depot  
  62  7:13  SCV  
  62  7:14  SCV  
  64  7:20  Armory  
  64  7:30  Factory  
  64  7:31  Factory  
  64  7:33  Factory  
  64  7:34  Factory  
  64  7:36  Missile Turret  
  64  7:37  Missile Turret  
  64  7:42  SCV x2  
  66  7:50  Thor  
  66  7:51  Hellbat x2  
  76  7:54  SCV x2  
  78  8:06  SCV x2  
  78  8:12  Hellbat x2  
  84  8:21  SCV x2  
  86  8:32  Thor  
  86  8:33  Factory Tech Lab x4, SCV x2  
  94  8:36  Hellbat  
  94  8:39  Hellbat  
  98  8:45  SCV x2  
  100  8:53  Supply Depot  
  100  8:54  Supply Depot  
  100  9:01  Supply Depot  
  100  9:02  Supply Depot  
  99  9:15  Thor  
  99  9:16  Thor  
  111  9:23  SCV x2  
  113  9:27  Missile Turret  
  113  9:29  Missile Turret  
  113  9:37  SCV x2  
  107  9:40  Planetary Fortress  
  107  9:49  SCV x2  
  109  9:58  Refinery  
  109  9:59  Missile Turret  
  109  10:01  Missile Turret  
  109  10:03  Missile Turret  
  109  10:04  Missile Turret  
  109  10:09  Refinery, Sensor Tower  
  109  10:11  SCV x2  
  109  10:13  Hellbat  
  109  10:14  Hellbat  
  113  10:23  SCV x2  
  114  10:29  Thor x2  
  126  10:36  Missile Turret  
  126  10:38  Missile Turret  
  126  10:42  Missile Turret  
  126  10:43  SCV x2  
  126  10:47  SCV  
  129  10:55  SCV x2  
  131  10:59  SCV  
  130  11:16  Hellbat  
  132  11:24  SCV  
  133  11:34  Supply Depot  
  133  11:36  Supply Depot  
  133  11:38  Supply Depot  
  133  11:39  Terran Vehicle Weapons Level 1  
  133  11:40  Supply Depot, Terran Vehicle And Ship Armor Level 1  
  133  11:42  Hi-Sec Auto Tracking  
  133  11:44  Supply Depot  
  133  11:55  Thor, Missile Turret  
  133  11:56  SCV x2  
  133  11:58  Thor, SCV  
  133  12:00  Hellbat, Thor  
  133  12:01  Thor  
  156  12:08  Supply Depot  
  168  12:09  Supply Depot  
  168  12:13  Supply Depot  
  168  12:14  Supply Depot  
  168  12:15  SCV x3  
  171  12:22  Supply Depot  
  171  12:24  Supply Depot x2  
  171  12:26  Hellbat  
  175  12:30  Hellbat  
  175  12:37  Supply Depot  
  175  12:43  Command Center  
  175  12:53  Thor x2  
  175  12:57  Hellbat x2  
  191  13:19  Missile Turret  
  192  13:20  Missile Turret, SCV x3  
  192  13:23  Missile Turret  
  192  13:26  Command Center  
  194  13:30  Thor  
  200  13:40  Missile Turret  
  200  13:42  Refinery  
  200  13:44  Refinery  
  197  14:09  SCV x2  
  199  14:10  SCV  
  200  14:27  SCV x2  
  198  14:48  SCV  
  198  14:49  SCV  
  197  15:18  Missile Turret  
  197  15:21  SCV x3  
  200  15:37  Missile Turret  
  200  15:38  Missile Turret  
  200  15:47  Planetary Fortress  
  200  15:58  Missile Turret  
  200  16:12  Refinery x2  
  200  16:18  Missile Turret  
  200  16:20  Missile Turret  
  200  16:26  Terran Vehicle Weapons Level 2, Terran Vehicle And Ship Armor Level 2  
  200  16:32  Planetary Fortress  
  200  16:39  Missile Turret  
  200  16:42  Missile Turret x2  
  200  16:43  Command Center  
  164  17:47  Thor  
  164  17:48  Thor x3  
  164  17:50  Hellbat x2  
  159  17:56  SCV x2  
  143  18:06  SCV x2  
  143  18:07  SCV  
  146  18:29  Sensor Tower  
  146  18:38  Thor x2  
  146  18:39  Thor x2  
  174  18:41  Hellbat x2  
  173  18:51  Factory  
  173  18:58  Factory  
  167  19:04  Factory  
  151  19:21  Thor x3  
  160  19:50  Factory Tech Lab  
  160  19:59  Factory Tech Lab, Factory  
  160  20:02  Factory Tech Lab  
  160  20:04  Thor x3  
  160  20:06  Hellbat x2  
  182  20:12  Thor  
  182  20:14  Supply Depot x2  
  182  20:28  Missile Turret  
  182  20:30  Missile Turret  
  182  20:37  Thor  
  182  20:38  Thor  
  182  20:39  Thor  
  173  21:14  Thor x3  
  173  21:15  Thor  
  190  21:22  Thor  
  181  21:52  Thor  
  181  21:53  Thor  
  193  21:56  Factory Tech Lab  
  193  22:12  Thor  
  199  22:16  Terran Vehicle And Ship Armor Level 3, Terran Vehicle Weapons Level 3  
  199  22:59  Planetary Fortress  
  199  23:19  Unknown, Missile Turret  
  199  23:23  Missile Turret  
  199  23:24  Missile Turret  
  199  23:40  Sensor Tower  
  199  24:01  Missile Turret  
  199  24:02  Missile Turret  
  199  24:04  Missile Turret  
  199  24:22  Thor  
  199  25:18  Unknown  
  199  25:22  Missile Turret  
  199  25:32  Command Center  
  199  25:41  SCV  
  199  26:19  Command Center  
Tags
 
Add a new tag
Caveats
  • Supply blocks, unpowered buildings, or Contaminate may cause inaccurate times.
  • Supply counts are checked every 10 seconds.